[Event "37th Belgrade Trophy 2024"]
[Site "Belgrade"]
[Date "2024.11.27"]
[Round "5.4"]
[White "Milicevic, Aleksa"]
[Black "Martic, Ivan"]
[Result "0-1"]
[ECO "E63"]
[WhiteElo "1982"]
[BlackElo "2261"]
[Annotator "RC"]
[PlyCount "102"]
[EventDate "2024.11.23"]
[EventCountry "SRB"]
[SourceTitle "playchess.com"]
[Source "ChessBase"]
[SourceQuality "1"]
[TimeControl "40/5400+30:900+30"]

1. d4 Nf6 2. Nf3 g6 3. c4 Bg7 4. Nc3 O-O 5. g3 d6 6. Bg2 Nc6 7. O-O a6 8. h3 Rb8 9. e4 e6 10. a4 Bd7 11. Be3 Ne7 12. a5 Qc8 13. Qd2 e5 14. dxe5 dxe5 15. Kh2 Nc6 16. Qc2 Re8 17. Rfd1 Be6 18. Nd5 Nd7 19. Qd2 Nf6 20. Qc2 Nh5 21. b4 f5 22. b5 Nd8 23. Ba7 Ra8 24. Bc5 Bxd5 25. cxd5 Nf7 26. Rac1 Bh6 27. Rb1 Nd6 28. exf5 gxf5 29. Qb3 axb5 30. Bxd6 cxd6 31. Qxb5 Re7 32. Rb4 Qc2 33. Rf1 Nf6 34. Nh4 Rf8 35. Rb2 Qc8 36. Qb6 Ne8 37. Bf3 Bg7 38. Bh5 e4 39. Rbb1 Be5 40. Rbc1 Qd7 41. Ng2 Nf6 42. Be2 Rg7 43. Nf4 Bxf4 44. gxf4 Kh8 45. Rg1 Rfg8 46. Bb5 Qe7 47. Qd4 Ng4+ 48. Rxg4 fxg4 49. Rg1 h5 50. Ba4 Rf8 51. Rg3 Rxf4 0-1

[Event "37th Belgrade Trophy 2024"]
[Site "Belgrade"]
[Date "2024.11.27"]
[Round "5.5"]
[White "Divljan, Igor"]
[Black "Khaleev, Timofey D"]
[Result "1/2-1/2"]
[ECO "D00"]
[WhiteElo "2221"]
[BlackElo "1743"]
[Annotator "RC"]
[PlyCount "46"]
[EventDate "2024.11.23"]
[EventCountry "SRB"]
[SourceTitle "playchess.com"]
[Source "ChessBase"]
[SourceQuality "1"]
[TimeControl "40/5400+30:900+30"]

1. d4 d5 2. Nc3 Nf6 3. Bf4 c5 4. e4 Nxe4 5. Nxe4 dxe4 6. dxc5 Qa5+ 7. c3 Qxc5 8. Qa4+ Nc6 9. Qxe4 g6 10. Nf3 Bg7 11. Qe3 Qxe3+ 12. Bxe3 O-O 13. Be2 Rd8 14. O-O Bf5 15. Rfd1 Bc2 16. Rxd8+ Rxd8 17. Kf1 a6 18. Rc1 Bf5 19. Rd1 Rxd1+ 20. Bxd1 Be6 21. a4 Bc4+ 22. Ke1 Bd5 23. Bb6 e5 1/2-1/2

[Event "37th Belgrade Trophy 2024"]
[Site "Belgrade"]
[Date "2024.11.27"]
[Round "5.6"]
[White "Ughuzov, Ravan"]
[Black "Triantafilidis, Mihail"]
[Result "1/2-1/2"]
[ECO "B06"]
[WhiteElo "2047"]
[BlackElo "2200"]
[Annotator "RC"]
[PlyCount "99"]
[EventDate "2024.11.23"]
[EventCountry "SRB"]
[SourceTitle "playchess.com"]
[Source "ChessBase"]
[SourceQuality "1"]
[TimeControl "40/5400+30:900+30"]

1. e4 c5 2. c3 d5 3. exd5 Qxd5 4. d4 g6 5. Nf3 Bg7 6. Nbd2 cxd4 7. Bc4 Qd8 8. Nxd4 Nf6 9. N2f3 O-O 10. O-O Bd7 11. Ne5 Be8 12. Nf5 Nbd7 13. Nxd7 Bxd7 14. Nxg7 Kxg7 15. Bf4 Bc6 16. Qc1 Kg8 17. Re1 Re8 18. Be5 Nd7 19. Bg3 Kg7 20. Qf4 f6 21. Rad1 e5 22. Qe3 Qb6 23. Qe2 Nc5 24. Rd6 Qc7 25. Red1 Ne4 26. Rxc6 Qxc6 27. Bb5 Nxg3 28. hxg3 Qe6 29. Bxe8 Rxe8 30. Qb5 Re7 31. c4 a6 32. Qc5 Rd7 33. Rd5 Qf5 34. g4 Qb1+ 35. Kh2 Rf7 36. Rd2 Qe4 37. Qd5 Qxg4 38. Kg1 Rc7 39. b3 Rf7 40. Kf1 Qf5 41. Kg1 Qb1+ 42. Kh2 Qe1 43. Qd8 e4 44. Rd7 Qxf2 45. Rxf7+ Kxf7 46. Qd7+ Kf8 47. Qc8+ Kg7 48. Qxb7+ Kh6 49. Qxe4 f5 50. Qf3 1/2-1/2

[Event "37th Belgrade Trophy 2024"]
[Site "Belgrade"]
[Date "2024.11.27"]
[Round "5.7"]
[White "Shchekachev, Andrei"]
[Black "Dorokhina, Elizaveta"]
[Result "1-0"]
[ECO "A11"]
[WhiteElo "2448"]
[BlackElo "2064"]
[Annotator "TA"]
[PlyCount "73"]
[EventDate "2024.11.23"]
[EventCountry "SRB"]
[SourceTitle "playchess.com"]
[Source "ChessBase"]
[SourceQuality "1"]
[TimeControl "40/5400+30:900+30"]

1. Nf3 d5 2. g3 Nf6 3. Bg2 Bf5 4. c4 c6 5. Qb3 Qb6 6. cxd5 cxd5 7. Nc3 e6 8. O-O Nbd7 (8... Qxb3 $11 9. axb3 Nc6) 9. Qxb6 $16 {[%emt 0:15:45] White is better.} axb6 10. Nd4 Bg6 11. Ndb5 {[%emt 0:00:13] aiming for Nc7+.} Ra5 12. d4 Bb4 13. Bf4 {[%emt 0:02:45] Repels Nb8} O-O 14. Bd6 Bxd6 15. Nxd6 Rb8 16. Rfc1 Kf8 17. a4 (17. b4 $16 Ra6 18. Ncb5) 17... Ne8 $14 18. Ndb5 Ke7 19. f3 Raa8 20. e4 Ndf6 21. exd5 Nxd5 ({Better is} 21... exd5 22. g4 Rd8) 22. Nxd5+ $16 exd5 23. Bh3 {[%emt 0:03:12] Repels Rc8} Bd3 24. Nc7 Nxc7 25. Rxc7+ Kf6 26. b3 {[%emt 0:01:32] Dodges Bc4} b5 27. Rd1 Bg6 ({Don't blunder} 27... Be2 $2 28. Rd2 $18) 28. axb5 {[%emt 0:00:17] White is much more active.} Ra3 29. Re1 {[%emt 0:03:38] Re5 is the strong threat.} Rxb3 30. Rd7 {[%emt 0:00:06] Re5 would now be deadly.} Bd3 $2 {[%emt 0:11:01][%mdl 8192] This costs Black the game.} (30... Kg5 $14) 31. Rd6+ $18 {[%emt 0:00:46] White is clearly winning.} (31. Rxd5 g6 $14) 31... Kg5 {[%emt 0:00:11] [#]} 32. Re5+ $1 f5 {[%emt 0:00:10] [#]} 33. Bxf5 $1 Rb1+ 34. Kf2 Rb2+ 35. Ke3 Re2+ 36. Kxd3 Rxe5 37. Bg4 {[%emt 0:00:59] Weighted Error Value: White=0.12 (very precise) /Black=0.19 (very precise) .  Loses game:     	---       	Black=1      Mistake:       	White=1     	Black=2      Inaccurate:     	White=4     	Black=4      OK:         	White=7     	Black=6      Best:        	White=2     	Black=2} 1-0

[Event "37th Belgrade Trophy 2024"]
[Site "Belgrade"]
[Date "2024.11.27"]
[Round "5.8"]
[White "Bjelanovic, Mile"]
[Black "Ivanovic, Marko"]
[Result "1-0"]
[ECO "C77"]
[WhiteElo "2041"]
[BlackElo "2297"]
[Annotator "RC"]
[PlyCount "99"]
[EventDate "2024.11.23"]
[EventCountry "SRB"]
[SourceTitle "playchess.com"]
[Source "ChessBase"]
[SourceQuality "1"]
[TimeControl "40/5400+30:900+30"]

1. e4 e5 2. Nf3 Nc6 3. Bb5 g6 4. O-O Bg7 5. c3 a6 6. Ba4 d6 7. h3 Nf6 8. Re1 O-O 9. d3 Bd7 10. Nbd2 h6 11. Nf1 Re8 12. Ng3 Qe7 13. Be3 b5 14. Bc2 Na5 15. b4 Nb7 16. a4 c5 17. axb5 axb5 18. Qd2 Kh7 19. Bb3 Bc6 20. Qb2 cxb4 21. cxb4 d5 22. Bc2 Rxa1 23. Rxa1 dxe4 24. dxe4 Bf8 25. Ra6 Bd7 26. Bd3 Bg7 27. Rb6 Bc8 28. Bxb5 Nd7 29. Rc6 Nd6 30. Ba4 Rd8 31. Rc7 Qe6 32. Bb3 Qf6 33. Bd5 Nb8 34. Bc5 Bd7 35. Ra7 Be8 36. h4 Nc8 37. Rb7 Nd7 38. h5 Ncb6 39. hxg6+ fxg6 40. Ba2 Na4 41. Qb3 h5 42. Be3 Qf8 43. Ng5+ Kh8 44. Qxa4 Nc5 45. Bxc5 Qf6 46. Qa7 Rd1+ 47. Nf1 Qxg5 48. Be3 Qd8 49. Bc4 Qf6 50. Rb8 1-0

[Event "37th Belgrade Trophy 2024"]
[Site "Belgrade"]
[Date "2024.11.27"]
[Round "5.10"]
[White "Kostic, Milutin B"]
[Black "Petrovic, Aleksa"]
[Result "*"]
[ECO "A13"]
[WhiteElo "2029"]
[BlackElo "2262"]
[Annotator "RC"]
[PlyCount "46"]
[EventDate "2024.11.23"]
[EventCountry "SRB"]
[SourceTitle "playchess.com"]
[Source "ChessBase"]
[SourceQuality "1"]
[TimeControl "40/5400+30:900+30"]

1. c4 e6 2. Nf3 Nf6 3. g3 a6 4. Bg2 b5 5. b3 Bb7 6. O-O c5 7. Bb2 Be7 8. Na3 Qb6 9. d3 d5 10. e3 O-O 11. Qe2 Nc6 12. Ne5 Rab8 13. f4 Rfd8 14. Rfd1 Ba8 15. Kh1 bxc4 16. dxc4 d4 17. Nxc6 Bxc6 18. Nc2 d3 19. Rxd3 Rxd3 20. Qxd3 Rd8 21. Qe2 Ne4 22. Bxe4 Bxe4+ 23. Kg1 Qa5 *

[Event "37th Belgrade Trophy 2024"]
[Site "Belgrade"]
[Date "2024.11.27"]
[Round "5.10"]
[White "Kostic, Vladimir V"]
[Black "Petrovic, Aleksa"]
[Result "0-1"]
[ECO "A13"]
[WhiteElo "2006"]
[BlackElo "2262"]
[Annotator "RC"]
[PlyCount "62"]
[EventDate "2024.11.23"]
[EventCountry "SRB"]
[SourceTitle "playchess.com"]
[Source "ChessBase"]
[SourceQuality "1"]
[TimeControl "40/5400+30:900+30"]

1. c4 e6 2. Nf3 Nf6 3. g3 a6 4. Bg2 b5 5. b3 Bb7 6. O-O c5 7. Bb2 Be7 8. Na3 Qb6 9. d3 d5 10. e3 O-O 11. Qe2 Nc6 12. Ne5 Rab8 13. f4 Rfd8 14. Rfd1 Ba8 15. Kh1 bxc4 16. dxc4 d4 17. Nxc6 Bxc6 18. Nc2 d3 19. Rxd3 Rxd3 20. Qxd3 Rd8 21. Qe2 Ne4 22. Bxe4 Bxe4+ 23. Kg1 Qa5 24. b4 Qa4 25. Ne1 Qxb4 26. a3 Rd2 27. axb4 Rxe2 28. Be5 f6 29. Kf1 Rxh2 30. Bc7 cxb4 31. Rxa6 b3 0-1